 Dungeon Crawl Stone Soup version 0.29.0-4-gdea44cf6ec (webtiles) character file.

Game seed: 3683258663597263858

11 qw the Sneak (level 2, -3/19 HPs)
             Began as a Gargoyle Delver on Sept 10, 2022.
             Killed from afar by a white imp (10 damage)
             ... with a puff of frost
             ... on level 4 of the Dungeon.
             The game lasted 00:00:03 (94 turns).

qw the Sneak (Gargoyle Delver)                        Turns: 94, Time: 00:00:04

Health: -3/19      AC:  8    Str: 15    XL:     2   Next: 25%
Magic:  2/2        EV:  9    Int: 10    God:
Gold:   17         SH:  0    Dex: 11    Spells: 1/1 levels left

rFire   . . .      SeeInvis .   a - +0 hand axe
rCold   . . .      Faith    .   (no shield)
rNeg    + . .      Spirit   .   c - +0 scale mail
rPois   inf        Reflect  .   (no helmet)
rElec   +          Harm     .   (no cloak)
rCorr   .          Rampage  .   (no gloves)
Will    .....                   (no boots)
Stlth   +.........              (no amulet)
HPRegen 0.06/turn               (no ring)
MPRegen 0.08/turn               (no ring)

@: no status effects
A: sickness immunity, AC +2, negative energy resistance 1, electricity
resistance, torment resistance 1, petrification resistance
a: no special abilities


You were on level 4 of the Dungeon.
You visited 1 branch of the dungeon, and saw 2 of its levels.

You collected 17 gold pieces.


Innate Abilities, Weirdness & Mutations

You are immune to sickness and miasma.
Your stone body is resilient. (AC +2)
You are immune to poison.
You resist negative energy. (rN+)
You are resistant to electric shocks. (rElec)
You are resistant to unholy torment.
You are immune to petrification.


   Skills:
 - Level 3.2 Fighting
 + Level 2.6 Axes
 - Level 1.5 Dodging
 - Level 5.4 Stealth


You had one spell level left.
You didn't know any spells.
Your spell library was empty.

Inventory:

Hand Weapons
 a - a +0 hand axe (weapon)
Armour
 b - a +0 leather armour
 c - a +0 scale mail (worn)
Wands
 g - a wand of digging (3)
Potions
 d - a potion of ambrosia {unknown}
 e - 2 potions of cancellation {unknown}
 f - a potion of haste

Dungeon Overview and Level Annotations

Branches:
Dungeon (5/15)
 Temple: D:4-7

Altars:
Sif Muna


Message History

The adder is almost dead.
The adder bites you but does no damage. The adder barely misses you.
You barely miss the adder.
The adder is almost dead.
The adder closely misses you.
You barely miss the adder.
The adder is almost dead.
The adder barely misses you. The adder bites you but does no damage.
You closely miss the adder.
The adder is almost dead.
The adder misses you.
You slash the adder!
You kill the adder!
Your Axes skill increases to level 2!
You have reached level 2!
78 ||| UPGRADING to +0 scale mail.
You start removing your armour.
You continue taking off your +0 leather armour. x4
You finish taking off your +0 leather armour.
You start putting on your armour.
You continue putting on your +0 scale mail. x5
You finish putting on your +0 scale mail.
88 ||| FLEEEEING.
89 ||| FLEEEEING.
90 ||| FLEEEEING.
A white imp comes into view.
The goblin shouts!
The goblin hits you but does no damage. The white imp gestures at you.
The puff of frost hits you.
You hit the goblin.
You kill the goblin!
The white imp gestures at you. The puff of frost hits you.
The white imp gestures at you. The puff of frost hits you.
The white imp grins evilly.
The white imp gestures at you. The puff of frost hits you!
Ouch! That really hurt!
You die...

....####......###
....##..........#. .
#........#.......
..#####.......###...!.
......$........#....##
............##.......###
#......)...........##..
#..................#..8
#.....@..%...#......._.
............###.....#..8
..........?.###.....##..
.....................###
..5........##..#.......#
#.#.<......##....##.....
# ###.........#.##..##..
#.##.####.....>.# .. ..
##. .....#....##.


You could see a white imp.

Vanquished Creatures
  An adder (D:4)
  A goblin (D:4)
2 creatures vanquished.

Notes
Turn   | Place    | Note
-------+----------+-------------------------------------------
     0 | D:5      | qw the Gargoyle Delver began the quest for the Orb.
     0 | D:5      | Reached XP level 1. HP: 14/14 MP: 1/1
     0 | D:5      | 0 ||| qw: Version: 0.1-a-117-gfe26ee0
     0 | D:5      | 0 ||| qw: Game counter: 9697
     0 | D:5      | 0 ||| qw: Always use a shield: true
     0 | D:5      | 0 ||| qw: God list: Okawaru
     0 | D:5      | 0 ||| qw: Allow faded altars: false
     0 | D:5      | 0 ||| qw: Do Orc after D:15 true
     0 | D:5      | 0 ||| qw: Do second Lair branch before Depths: true
     0 | D:5      | 0 ||| qw: Lair rune preference: random
     0 | D:5      | 0 ||| qw: Plans: Normal
     0 | D:5      | 0 ||| PLANNING D:1-11
    25 | D:5      | 25 ||| DROPPING scroll of fog.
    26 | D:5      | 26 ||| DROPPING scroll of magic mapping.
    27 | D:5      | 27 ||| DROPPING scroll of fear.
    42 | D:4      | Found a shimmering blue altar of Sif Muna.
    61 | D:4      | 61 ||| UPGRADING to +0 scale mail.
    78 | D:4      | Reached XP level 2. HP: 19/19 MP: 2/2
    78 | D:4      | 78 ||| UPGRADING to +0 scale mail.
    88 | D:4      | 88 ||| FLEEEEING.
    89 | D:4      | 89 ||| FLEEEEING.
    90 | D:4      | 90 ||| FLEEEEING.
    94 | D:4      | Killed from afar by a white imp

Levels and vault maps discovered:
D:4:      layout_cave_pools, led_sif_book, vehumet_crystals, serial_shops, shop
D:5:      layout_rooms, uniq_menkaure

Skill      XL: |  1 |
---------------+----+-----
Axes           | 2 |  2.6
Fighting       | |  3.2
Dodging        | |  1.5
Stealth        | |  5.4

Action                   || total
-------------------------++-------
Melee: Hand axe          ||     9
Armor: Leather armour    ||     4
       Scale mail        ||     1
Dodge: Dodged            ||     7

Table legend:
 A = Non-vault XP
 B = Vault XP
 C = Vault XP percentage of total XP
 D = Non-vault monster count
 E = Vault monster count
 F = Vault count percentage of total count
                 A         B        C        D         E       F
            +---------+---------+-------+---------+---------+-------
      Total |      16 |       0 |   0.0 |       2 |       0 |   0.0
            +---------+---------+-------+---------+---------+-------
        D:4 |      16 |       0 |   0.0 |       2 |       0 |   0.0
            +---------+---------+-------+---------+---------+-------
